 Dungeon Crawl Stone Soup version 0.25-a0-420-g1cc7eeb0d1 (webtiles) character file.

Game seed: 6999505358761757676, levelgen mode: deterministic

14 ChaosChampion the Skirmisher (level 2, 0/24 HPs)
             Began as a Demonspawn Abyssal Knight on Jan 18, 2020.
             Was a Follower of Lugonu.
             Slain by a jackal (2 damage)
             ... on level 1 of the Dungeon.
             The game lasted 00:02:03 (340 turns).

ChaosChampion the Skirmisher (DsAK)                  Turns: 340, Time: 00:02:04

Health: 0/24       AC:  3    Str: 12    XL:     2   Next: 27%
Magic:  0/3        EV: 11    Int: 13    God:    Lugonu [*.....]
Gold:   24         SH:  0    Dex: 12    Spells: 1/1 levels left

rFire    . . .     SeeInvis .   e - +0 dagger (curse)
rCold    . . .     Gourm    .   (no shield)
rNeg     . . .     Faith    .   b - +0 leather armour
rPois    .         Spirit   +   (no helmet)
rElec    .         Reflect  .   (no cloak)
rCorr    .         Harm     .   (no gloves)
MR       .....                  (no boots)
Stlth    +.........             (no amulet)
HPRegen  0.08/turn              (no ring)
MPRegen  0.08/turn              (no ring)

@: no status effects
A: magic shield
a: Depart the Abyss, Renounce Religion


You were on level 1 of the Dungeon.
You worshipped Lugonu.
Lugonu was aware of your devotion.
You were not hungry.

You visited 1 branch of the dungeon, and saw 1 of its levels.
You visited the Abyss 1 time.

You collected 24 gold pieces.

Inventory:

Hand Weapons
 a - a +1 short sword
 e - a cursed +0 dagger (weapon)
Armour
 b - a +0 leather armour (worn)
Comestibles
 c - 2 rations


   Skills:
 + Level 3.3 Fighting
 * Level 2.3 Short Blades
 + Level 1.7 Armour
 + Level 0.9 Dodging
 + Level 2.4 Invocations


You had one spell level left.
You didn't know any spells.
Your spell library was empty.

Dungeon Overview and Level Annotations

Branches:
Dungeon (1/15)

Altars:


Innate Abilities, Weirdness & Mutations

When hurt, damage is shared between your health and your magic reserves.


Message History

Okay, then.
Okay, then.
You aren't carrying any potions.
As you read the scroll labeled SUALIEGAAR, it crumbles to dust.
It is a scroll of amnesia.
You feel forgetful for a moment.
The jackal bites you but does no damage.
The jackal closely misses you.
As you read the scroll labeled DIAFUG FYAS, it crumbles to dust.
It is a scroll of identify.
You don't have any unidentified items.
The jackal bites you. The jackal closely misses you.
The jackal bites you but does no damage.
The jackal bites you.
* * * LOW HITPOINT WARNING * * *
The frilled lizard unfolds its giant frill.
The jackal barely misses you.
The jackal pauses to sniff the ground.
The jackal bites you.
You die...

.$.....((.##.....................
###..###.†..†.................h.w
....# ##.......................#
###. #..##...................#
#...####....#.....r.w.K..# ...###
##.##.#...>.K.#...## ###.
#........###.###### #
##P.♣♣P..####..# #... ♣@♣P####.##
.##... ♣♣hK.l.K.#
.....P♣♣..hh..w.###
..(...............#
##.P..P†............PP
#.P♣.P..####♣♣♣##.P♣♣ #.P ♣♣P.##
.P♣ # ♣...#


♣PP .PP... ..# You could see a dart slug, 3 jackals, 2 kobolds and a frilled
lizard.

Vanquished Creatures
  A leopard gecko (D:1)
  A hobgoblin (D:1)
  4 jackals (D:1)
  3 bats (D:1)
  2 kobolds (D:1)
  2 rats (D:1)
13 creatures vanquished.

Notes
Turn   | Place    | Note
-------+----------+-------------------------------------------
     0 | Abyss:1  | ChaosChampion the Demonspawn Abyssal Knight began the quest
                  | for the Orb.
     0 | Abyss:1  | Reached XP level 1. HP: 18/18 MP: 2/2
    74 | Abyss:1  | Noticed a thrashing horror
    75 | D:1      | Escaped the Abyss
   147 | D:1      | Reached * piety under Lugonu
   152 | D:1      | Gained mutation: When hurt, damage is shared between your
                  | health and your magic reserves. [demonic ancestry]
   152 | D:1      | Reached XP level 2. HP: 13/24 MP: 3/3
   340 | D:1      | Slain by a jackal

Levels and vault maps discovered:
D:1:      minmay_arrival_hallway, layout_rooms, serial_forest,
          infiniplex_forest_end_1, infiniplex_forest_straight_2,
          infiniplex_forest_clump_double, infiniplex_forest_lined_3,
          infiniplex_forest_clump_diagonal, infiniplex_forest_straight_1,
          infiniplex_forest_lined_room_3

Skill      XL: |  1 |
---------------+----+-----
Short Blades   | 2 |  2.3
Fighting       | |  3.3
Armour         | |  1.7
Dodging        | |  0.9
Invocations    | |  2.4

Action                   || total
-------------------------++-------
Melee: Short sword       ||    36
       Dagger            ||    21
Invok: Depart the Abyss  ||     1
  Use: Scroll            ||     2
Armor: Leather armour    ||    39
Dodge: Dodged            ||    48

Table legend:
 A = Non-vault XP
 B = Vault XP
 C = Vault XP percentage of total XP
 D = Non-vault monster count
 E = Vault monster count
 F = Vault count percentage of total count
                 A         B        C        D         E       F
            +---------+---------+-------+---------+---------+-------
      Total |      20 |       0 |   0.0 |      13 |       0 |   0.0
            +---------+---------+-------+---------+---------+-------
        D:1 |      20 |       0 |   0.0 |      13 |       0 |   0.0
            +---------+---------+-------+---------+---------+-------
